 Dungeon Crawl Stone Soup version 0.28-a0-627-g4e9751bbfc (webtiles) character file.

Game seed: 10556775762367618661

13 KristoblXynda the Slasher (level 2, 0/25 HPs)
             Began as a Draconian Gladiator on Oct 8, 2021.
             Frozen to death by an endoplasm (5 damage)
             ... on level 1 of the Dungeon.
             The game lasted 00:00:26 (79 turns).

KristoblXynda the Slasher (Draconian Gladiator)       Turns: 79, Time: 00:00:26

Health: 0/25       AC:  4    Str: 16    XL:     2   Next: 24%
Magic:  2/2        EV: 12    Int:  8    God:
Gold:   0          SH:  0    Dex: 12    Spells: 1/1 levels left

rFire   . . .      SeeInvis .   a - +0 long sword
rCold   . . .      Faith    .   (no shield)
rNeg    . . .      Spirit   .   (armour unavailable)
rPois   .          Reflect  .   b - +0 hat
rElec   .          Harm     .   (no cloak)
rCorr   .          Rampage  .   (no gloves)
Will    .....                   (no boots)
Stlth   +.........              (no amulet)
HPRegen 0.08/turn               (no ring)
MPRegen 0.08/turn               (no ring)

@: no status effects
A: AC +4, unfitting armour, cold-blooded
a: no special abilities


You were on level 1 of the Dungeon.
You visited 1 branch of the dungeon, and saw 1 of its levels.

Inventory:

Hand Weapons
 a - a +0 long sword (weapon)
Missiles
 c - 3 throwing nets (quivered)
Armour
 b - a +0 hat (worn)
Potions
 d - a potion of curing {unknown}


   Skills:
 + Level 2.4 Fighting
 * Level 3.2 Long Blades
 - Level 2.0 Throwing
 + Level 2.8 Dodging


You had one spell level left.
You didn't know any spells.
Your spell library was empty.

Dungeon Overview and Level Annotations

Branches:
Dungeon (1/15)

Altars:


Innate Abilities, Weirdness & Mutations

Your plain brown scales are hard. (AC +4)
You cannot fit into any form of body armour.
You are cold-blooded and may be slowed by cold attacks.


Message History

* * * LOW HITPOINT WARNING * * *
The bat closely misses you.
You barely miss the bat. The bat hits you but does no damage.
You slash the gnoll!
You kill the gnoll!
The bat closely misses you.
Your Throwing skill increases to level 2!
You have reached level 2!
The bat closely misses you. The bat hits you but does no damage.
The bat barely misses you. The bat barely misses you.
The bat closely misses you. The bat closely misses you. The bat hits you.
* * * LOW HITPOINT WARNING * * *
The endoplasm hits you.
* * * LOW HITPOINT WARNING * * *
You closely miss the bat. The bat closely misses you.
The endoplasm freezes you.
You are frozen.
* * * LOW HITPOINT WARNING * * *
You feel yourself slow down.
You feel yourself speed up. The bat hits you but does no damage.
The endoplasm barely misses you.
You hit the bat but do no damage. The bat hits you but does no damage.
The endoplasm hits you but does no damage.
The bat barely misses you. The bat barely misses you.
The bat hits you but does no damage.
You hit the bat but do no damage. The bat barely misses you.
The endoplasm hits you but does no damage.
The bat hits you but does no damage. The bat hits you.
* * * LOW HITPOINT WARNING * * *
The bat hits you but does no damage.
You miss the bat. The bat barely misses you. x2
The endoplasm closely misses you. The bat hits you but does no damage.
You closely miss the bat.
Your tail-slap misses the bat.
The bat misses you. The bat barely misses you. The endoplasm freezes you.
You are frozen.
You die...

##############
......b@Jg...#
############.#
#.# #.## #..#
##)# ≈.≈≈≈≈..#
#.#
#.≈≈≈≈.≈≈≈≈..#
#.##
.#.≈≈≈≈.≈≈≈≈..#
#..#


You could see an endoplasm, a hobgoblin and a bat.

Vanquished Creatures
  A gnoll (D:1)
  A hobgoblin (D:1)
  A kobold (D:1)
  A frilled lizard (D:1)
4 creatures vanquished.

Notes
Turn   | Place    | Note
-------+----------+-------------------------------------------
     0 | D:1      | KristoblXynda the Draconian Gladiator began the quest for
                  | the Orb.
     0 | D:1      | Reached XP level 1. HP: 17/17 MP: 1/1
    65 | D:1      | Reached XP level 2. HP: 7/25 MP: 2/2
    79 | D:1      | Frozen to death by an endoplasm

Illustrated notes

Levels and vault maps discovered:
D:1:      giann_bridges, layout_basic, serial_shops, shop

Skill      XL: |  1 |
---------------+----+-----
Throwing       | 2 |  2.0
Fighting       | |  2.4
Long Blades    | |  3.2
Dodging        | |  2.8

Action                   || total
-------------------------++-------
Melee: Long sword        ||    15
Armor: Skin              ||    21
Dodge: Dodged            ||    30

Table legend: (Time is in decaauts)
 A = Elapsed time spent in this place.
 B = Non-inter-level travel time spent in this place.
 C = Inter-level travel time spent in this place.
 D = Time resting spent in this place.
 E = Time spent auto-exploring this place.
 F = Levels seen in this place.
 G = Mean time per level.
                   A        B        C        D        E       F      G
               +--------+--------+--------+--------+--------+-----+--------+
         Total |     83 |     83 |      0 |      0 |     21 |   1 |   83.0 |
       Dungeon |     83 |     83 |      0 |      0 |     21 |   1 |   83.0 |
               +--------+--------+--------+--------+--------+-----+--------+

Top non-repeatable levels by time:
     D:1: 83 daAuts
